[Event "VIII Open Semana Santa 2024"]
[Site "San Vicente del Raspeig"]
[Date "2024.03.31"]
[Round "7.2"]
[White "Beydullayeva, Govhar"]
[Black "Piorun, Kacper"]
[Result "0-1"]
[ECO "A88"]
[WhiteElo "2374"]
[BlackElo "2599"]
[Annotator "TA"]
[PlyCount "80"]
[EventDate "2024.03.27"]
[EventType "swiss"]
[EventCountry "ESP"]
[SourceTitle "playchess.com"]
[Source "ChessBase"]
[SourceQuality "1"]
[TimeControl "5400+30"]

1. d4 f5 2. Nf3 Nf6 3. g3 g6 4. Bg2 Bg7 5. c4 O-O 6. O-O d6 7. Nc3 c6 8. d5 e5 9. dxe6 Bxe6 10. b3 Na6 11. Be3 Ng4 {[%emt 0:10:30][%cal Og4e3] [#] Hoping for ...Nxe3!} 12. Bd4 Ne5 13. Qd2 {[%emt 0:03:50] White is slightly better.} Qe7 14. Rad1 Nc5 15. Be3 Nf7 16. Nd4 Bd7 17. Nc2 Ne6 18. f4 Rfe8 19. Bf2 Qf6 20. Nd4 Nc5 21. b4 Ne4 22. Nxe4 fxe4 23. Be3 Rad8 24. h3 c5 25. Nb3 (25. Nb5 $11 Bxb5 26. cxb5) 25... b6 $15 26. bxc5 {[%emt 0:04:52] White is now going downhill.} (26. g4 $15) 26... dxc5 $17 {[%emt 0:00:06][%cal Od7h3] ...Bxh3! would now be deadly.} 27. Qc2 Nd6 28. g4 Bc6 29. Rd2 (29. Bf2 $17 {is a better defense.}) 29... Qe6 $19 30. Rc1 (30. Rfd1 {might work better.}) 30... h5 31. Qd1 Bf6 32. g5 Be7 ({Inferior is} 32... Nxc4 33. Rxc4 (33. gxf6 $2 {loses.} Nxe3 34. Qe1 Qxf6 $19) 33... Qxc4 34. gxf6 Rxd2 35. Qxd2 $14) 33. Qc2 Nf5 34. Rxd8 Rxd8 35. Kf2 {[%emt 0:00:00] [#]} (35. Bf2 e3 36. Be1) 35... Bxg5 $1 36. fxg5 (36. Bxc5 Bxf4) 36... Qe5 {[%emt 0:00:07] Black mates.} 37. Rd1 Qg3+ 38. Kg1 Nxe3 39. Rxd8+ Kf7 40. Rd7+ Ke8 {[%emt 0:00:06] Weighted Error Value: White=0.63/Black=0.06 (flawless) .  Mistake:       	White=5     	---        Inaccurate:     	White=4     	Black=1      OK:         	White=10    	Black=13} 0-1

[Event "VIII Open Semana Santa 2024"]
[Site "San Vicente del Raspeig"]
[Date "2024.03.31"]
[Round "7.3"]
[White "Kourkoulos-Arditis, Stamatis"]
[Black "Shuvalova, Polina"]
[Result "1/2-1/2"]
[ECO "C77"]
[WhiteElo "2556"]
[BlackElo "2455"]
[Annotator "TA"]
[PlyCount "116"]
[EventDate "2024.03.27"]
[EventType "swiss"]
[EventCountry "ESP"]
[SourceTitle "playchess.com"]
[Source "ChessBase"]
[SourceQuality "1"]
[TimeControl "5400+30"]

1. e4 e5 2. Nf3 Nc6 3. Bb5 a6 4. Ba4 Nf6 5. d3 b5 6. Bb3 Be7 7. a4 Rb8 8. axb5 axb5 9. Nc3 d6 10. Nd5 {[%emt 0:00:52] White has an edge.} O-O (10... Nxd5 $11 11. Bxd5 Nb4) 11. O-O (11. c3 $14 {should be considered.}) 11... h6 12. h3 Re8 13. c3 Bf8 14. Re1 Nxd5 15. Bxd5 Ne7 16. Ba2 b4 17. Bc4 bxc3 18. bxc3 Ng6 19. Ra7 Be6 20. Qa4 d5 21. Bb5 Re7 22. Bc6 {[%emt 0:00:24] Hoping for Ba3.} dxe4 23. dxe4 Bb3 24. Qa5 Qd6 25. Ra8 Rxa8 26. Qxa8 {[%emt 0:00:11] Threatens to win with Ba3.} Re6 27. Bd5 Bxd5 28. exd5 Rf6 29. Nd2 ({White should try} 29. Be3 $11) 29... Qa6 $15 30. Qxa6 Rxa6 31. g3 Ra2 32. Nf3 {[%emt 0:02:07] [#]} (32. Nc4 $15) 32... f6 $1 $17 33. Be3 {[%emt 0:00:57] [#]} Ne7 $1 34. c4 Nf5 35. Bd2 Bc5 36. Kf1 Nd6 {[%emt 0:02:10][%cal Oe5e4] ...e4! is the strong threat.} 37. Be3 Bxe3 38. Rxe3 $19 {[%emt 0:00:04][%mdl 4096] Endgame. KRN-KRN} Rc2 (38... Nxc4 39. Rc3 Nb6 40. Rc5 $11) 39. Ra3 Ne4 40. Nh4 (40. Ke1 $142) 40... g5 ({Weaker is} 40... Nxf2 41. Ra7 $17) (40... Rxc4 41. Nf5 $17) 41. Ng2 (41. Ra8+ {is a better defense.} Kh7 42. Ng2) 41... Nd2+ ({Much weaker is} 41... Rxc4 $6 42. Ne3 Rc1+ 43. Ke2 $11) ({Stronger than} 41... Nxf2 42. Ra8+ Kf7 43. Ne3 $11) (41... Rxf2+ $19 {has better winning chances.} 42. Kg1 f5) 42. Ke1 $17 Nxc4 43. Ra8+ Kf7 44. Rd8 Nd6 ({Black should play} 44... Ke7 $17 45. Rh8 Nb2) 45. Ne3 $15 Rc1+ 46. Ke2 f5 47. Rd7+ Kf6 48. Rh7 Kg6 (48... h5 $5 49. Rh6+ Kg7 50. Rxh5 f4 $17) 49. Re7 e4 50. Re6+ Kg7 51. Re7+ {[%emt 0:03:14] The position is equal.} Kf6 52. Re6+ Kg7 53. Re7+ $1 Kf8 54. Re6 Kf7 55. Rxh6 f4 56. gxf4 gxf4 57. Ng4 Rc5 58. Rf6+ Ke7 {[%emt 0:00:06] White happily takes the draw.   Weighted Error Value: White=0.13 (very precise) /Black=0.08 (flawless) .  Mistake:       	White=5     	Black=3      Inaccurate:     	White=3     	Black=2      OK:         	White=15    	Black=23     Best:        	White=3     	Black=4      Strong:       	White=1     	Black=2} 1/2-1/2

[Event "VIII Open Semana Santa 2024"]
[Site "San Vicente del Raspeig"]
[Date "2024.03.31"]
[Round "7.4"]
[White "Espinosa Aranda, Angel"]
[Black "Ivanchuk, Vasyl"]
[Result "1/2-1/2"]
[ECO "C01"]
[WhiteElo "2440"]
[BlackElo "2625"]
[Annotator "TA"]
[PlyCount "62"]
[EventDate "2024.03.27"]
[EventType "swiss"]
[EventCountry "ESP"]
[SourceTitle "playchess.com"]
[Source "ChessBase"]
[SourceQuality "1"]
[TimeControl "5400+30"]

1. e4 e6 2. d4 d5 3. exd5 exd5 4. Nf3 Bd6 5. c4 c6 6. Nc3 Ne7 7. Bd3 O-O 8. O-O dxc4 9. Bxc4 Nd7 10. Bg5 Nb6 11. Bb3 Kh8 {[%emt 0:00:30] The position is equal.} 12. Bxe7 Qxe7 13. Re1 Qc7 14. Qd3 Bg4 15. Ne5 Bxe5 16. Rxe5 f6 17. Re3 Rad8 18. Rae1 Qd6 19. Re7 Rd7 20. Re8 {[%emt 0:09:08] [#] aiming for Qg3.} (20. Bc2 $5 f5 21. Qe3 $16) 20... Bh5 21. Rxf8+ (21. Bc2 $5 g5 22. Rxf8+ Qxf8 23. Qh3 $11) 21... Qxf8 22. Qe4 Bf7 23. Bxf7 Qxf7 24. Qe8+ Qg8 25. Qh5 {[%emt 0:00:30] [#] Re8 would now be deadly.} g6 26. Qc5 Qd8 {[%emt 0:16:19] Dodges Re7} 27. a4 a6 28. g3 Kg7 29. a5 Nc8 30. Qb4 Ne7 31. Ne4 Nd5 {[%emt 0:00:03] Weighted Error Value: White=0.08 (flawless) /Black=0.07 (flawless) .  Inaccurate:     	White=2     	Black=3      OK:         	White=13    	Black=9      Best:        	---       	Black=1} 1/2-1/2

[Event "VIII Open Semana Santa 2024"]
[Site "San Vicente del Raspeig"]
[Date "2024.03.31"]
[Round "7.5"]
[White "Yuffa, Daniil"]
[Black "Vetokhin, Savva"]
[Result "1-0"]
[ECO "D38"]
[WhiteElo "2606"]
[BlackElo "2427"]
[Annotator "TA"]
[PlyCount "69"]
[EventDate "2024.03.27"]
[EventType "swiss"]
[EventCountry "ESP"]
[SourceTitle "playchess.com"]
[Source "ChessBase"]
[SourceQuality "1"]
[TimeControl "5400+30"]

1. d4 Nf6 2. c4 e6 3. Nf3 d5 4. Nc3 Bb4 5. Bg5 h6 6. Bxf6 Qxf6 7. e3 O-O 8. Rc1 dxc4 9. Bxc4 c5 10. O-O {[%emt 0:00:11] Ne4 is the strong threat.} cxd4 11. Ne4 Qe7 12. a3 Ba5 {[%emt 0:00:07] The position is equal.} 13. exd4 Rd8 14. Rc2 Nc6 15. Ba2 Bb6 16. Rd2 Bd7 17. Nc3 Qf8 18. Re1 Rac8 (18... Re8 $11) 19. d5 $16 {[%emt 0:03:45] White leaves nothing to chance now.} exd5 20. Nxd5 Bg4 21. h3 Bxf3 22. Qxf3 Re8 23. Red1 Ne5 24. Qf5 Rc6 25. Re2 Ng6 26. Rde1 {[%emt 0:07:42] White has more active pieces.} Rxe2 27. Rxe2 Rd6 (27... Qb8 $16 {is a better defense.} 28. Re1 Bd4) 28. g3 $18 {[%emt 0:02:37] Black is weak on the light squares} Bd8 29. Qc8 $36 {[%emt 0:03:55][%mdl 2048] Black is under strong pressure.} b5 30. h4 h5 31. b4 Be7 32. Qf5 ({Less strong is} 32. Nxe7+ Nxe7 33. Qb7 Nf5 $18) 32... Bf6 33. Qxh5 a6 34. Bb1 Bd8 $2 {[%emt 0:00:59] [#]} (34... Qd8 35. Bxg6 fxg6 36. Qxg6 Be5) 35. Qf5 {[%emt 0:00:36] Weighted Error Value: White=0.04 (flawless) /Black=0.21 (precise) .  Mistake:       	---       	Black=3      Inaccurate:     	---       	Black=1      OK:         	White=13    	Black=10     Best:        	White=1     	---} 1-0

[Event "VIII Open Semana Santa 2024"]
[Site "San Vicente del Raspeig"]
[Date "2024.03.31"]
[Round "7.6"]
[White "Ceres, Dragos"]
[Black "Badelka, Olga"]
[Result "0-1"]
[ECO "C11"]
[WhiteElo "2482"]
[BlackElo "2377"]
[Annotator "RC"]
[PlyCount "64"]
[EventDate "2024.03.27"]
[EventType "swiss"]
[EventCountry "ESP"]
[SourceTitle "playchess.com"]
[Source "ChessBase"]
[SourceQuality "1"]
[TimeControl "5400+30"]

1. e4 e6 2. d4 d5 3. Nc3 Nf6 4. e5 Nfd7 5. Nce2 c5 6. c3 Nc6 7. f4 b5 8. Nf3 b4 9. f5 bxc3 10. bxc3 cxd4 11. cxd4 Bb4+ 12. Kf2 exf5 13. Nf4 O-O 14. Nxd5 Nxd4 15. Nxd4 Bc5 16. Be3 Nxe5 17. Nxf5 Bxf5 18. Bxc5 Nd3+ 19. Bxd3 Qxd5 20. Bxf8 Qd4+ 21. Kg3 g5 22. Qc1 Qh4+ 23. Kf3 Bg4+ 24. Ke4 Re8+ 25. Kd5 Be6+ 26. Ke5 Bc8+ 27. Kd5 Bb7+ 28. Kc5 Re5+ 29. Kd6 Qd4+ 30. Kc7 Qb6+ 31. Kd7 Rd5+ 32. Ke7 Qd8# 0-1

[Event "VIII Open Semana Santa 2024"]
[Site "San Vicente del Raspeig"]
[Date "2024.03.31"]
[Round "7.7"]
[White "Movsziszian, Karen"]
[Black "Muthaiah AL"]
[Result "0-1"]
[ECO "A12"]
[WhiteElo "2439"]
[BlackElo "2454"]
[Annotator "TA"]
[PlyCount "78"]
[EventDate "2024.03.27"]
[EventType "swiss"]
[EventCountry "ESP"]
[SourceTitle "playchess.com"]
[Source "ChessBase"]
[SourceQuality "1"]
[TimeControl "5400+30"]

1. g3 d5 2. Nf3 c6 3. Bg2 Bf5 4. b3 h6 5. Bb2 e6 6. d3 Nf6 7. Nbd2 Be7 8. O-O O-O 9. c4 a5 10. a3 Bh7 11. Ra2 Qb6 12. Qa1 Nbd7 13. Ne5 {[%emt 0:00:48] The position is equal.} Rfd8 14. h3 Bf8 15. g4 Nxe5 16. Bxe5 Nd7 17. Bc3 Qa7 18. Kh1 f6 19. f4 Nc5 20. d4 Ne4 21. Nxe4 Bxe4 22. Bxe4 dxe4 23. Rc2 b5 24. a4 bxc4 25. bxc4 Bb4 26. e3 c5 27. Bb2 cxd4 28. exd4 ({White has to play} 28. Bxd4 $15 Bc5 29. Rd1) 28... e3 $19 29. Qd1 {[%emt 0:03:10] [#]} Qb7+ (29... Bd2 $1 $19 {aiming for ...Qb7+.} 30. Kg2 Qa6) 30. Rg2 $2 (30. Qf3 $17 Qxf3+ 31. Rxf3) 30... Bd2 31. Ba1 Qe4 32. g5 $2 (32. Kh2) 32... fxg5 {[%emt 0:00:42] Strongly threatening ...Rf8.} (32... hxg5 33. Kh2 $19) 33. fxg5 (33. Qg4 $142) 33... Rf8 {[%emt 0:01:25] Black is clearly winning.} 34. gxh6 Rxf1+ 35. Qxf1 Rf8 36. h7+ Qxh7 37. Qe2 Qb1+ 38. Kh2 Rf1 {[%emt 0:01:12] [#] ( -> ...Rh1+)} (38... Qxa1 39. Rxg7+ Kxg7 40. Qg4+ Kf6 41. Qf3+ Kg6 42. Qg3+ Kf7 43. Qf3+ Ke7 44. Qb7+ Kf6 45. Qf3+ Ke7 46. Qb7+ Kf6 47. Qf3+ $11) 39. Qh5 Qb8+ {[%emt 0:00:54] Weighted Error Value: White=1.01/Black=0.29 (precise) .  Loses game:     	White=1     	---        Mistake:       	White=3     	Black=1      Inaccurate:     	White=2     	Black=2      OK:         	White=7     	Black=8      Best:        	---       	Black=3} ({Inferior is} 39... Qxa1 40. Qe8+ Rf8 41. Qxe6+ Rf7 (41... Kh8 $2 42. Qe7 $18) 42. Qe8+ Rf8 43. Qe6+ (43. Qe5 Rf7 $11) 43... Rf7 (43... Kh8 $2 44. Qe5 $18) 44. Qe8+ Rf8 45. Qe6+ $11 (45. Qe5 Rf7 $11)) (39... Rh1+ $142 40. Kg3 Qe1+ (40... Qxa1 41. Qe8+ Kh7 42. Qh5+ Kg8 43. Qe8+ Kh7 44. Qh5+ Kg8 $11) 41. Kf4 Rf1+ (41... Qxa1 42. Qe8+ Kh7 43. Qg6+ Kh8 44. Qxg7#) 42. Ke5 Rf5+ (42... Qxa1 43. Qe8+ Rf8 44. Qe7 $11) 43. Qxf5 exf5) 0-1

[Event "VIII Open Semana Santa 2024"]
[Site "San Vicente del Raspeig"]
[Date "2024.03.31"]
[Round "7.8"]
[White "Minzer, Claudio Javier"]
[Black "Larkin, Vladyslav"]
[Result "1-0"]
[ECO "A41"]
[WhiteElo "2398"]
[BlackElo "2450"]
[Annotator "TA"]
[PlyCount "79"]
[EventDate "2024.03.27"]
[EventType "swiss"]
[EventCountry "ESP"]
[SourceTitle "playchess.com"]
[Source "ChessBase"]
[SourceQuality "1"]
[TimeControl "5400+30"]

1. Nf3 d6 2. c4 g6 3. Nc3 Bg7 4. d4 Bg4 5. e3 e5 6. dxe5 dxe5 7. Qxd8+ Kxd8 8. Ng5 {[%emt 0:01:13] White is slightly better.} Nh6 9. h3 Bd7 10. b3 a5 11. Bb2 a4 12. Rd1 axb3 13. axb3 Na6 14. Be2 {[%emt 0:09:11] White has more active pieces.} Kc8 15. O-O f6 16. Nge4 Re8 {[%emt 0:07:18] This costs Black the game.} (16... Nf7 $14) 17. Ra1 $18 Kb8 (17... f5 $142) 18. Rfd1 Be6 (18... Bc6 $142 19. Nd5 Bxd5 20. Rxd5 (20. cxd5 Nf7 $18) 20... Nf5) 19. Nd5 Ng8 20. c5 Bxd5 21. Rxd5 {[%emt 0:00:03][%cal Oc5c6] aiming for c6!} Ne7 (21... f5 $142) 22. Rd7 {[%emt 0:00:48][%cal Oc5c6] Strongly threatening c6!} Kc8 $2 {[%emt 0:09:16] [#]} (22... Bh8 {keeps fighting.} 23. Bc4 Nc6 24. Rxh7 Rd8) 23. c6 $1 {[%emt 0:01:54][%mdl 512] White is clearly winning.} Ra7 (23... bxc6 24. Rdd1) 24. Bxa6 Rxa6 25. Rxa6 bxa6 26. Ba3 f5 27. Rxe7 Rxe7 28. Bxe7 fxe4 {[%emt 0:00:02][%mdl 4096] Endgame. KB-KB} 29. Kf1 a5 30. Ke2 Kb8 {[%emt 0:00:17] [#]} 31. Bc5 $1 Bf6 32. Kd2 Kc8 33. Kc3 Kd8 34. Kc4 Bh4 35. Kd5 Bxf2 36. Kxe5 Ke8 37. Kxe4 Kf7 {[%emt 0:00:14] [#]} 38. Bd6 $1 Ke6 39. Bxc7 Be1 40. Bf4 {[%emt 0:00:57] Weighted Error Value: White=0.26 (precise) /Black=0.39.  Mistake:       	---       	Black=5      Inaccurate:     	---       	Black=2      OK:         	White=8     	Black=6      Best:        	White=2     	Black=1      Brilliant:      	White=1     	---} 1-0

[Event "VIII Open Semana Santa 2024"]
[Site "San Vicente del Raspeig"]
[Date "2024.03.31"]
[Round "7.9"]
[White "Lazaro Pujol, Abel"]
[Black "Alexakis, Dimitris"]
[Result "1/2-1/2"]
[ECO "B83"]
[WhiteElo "2309"]
[BlackElo "2448"]
[Annotator "TA"]
[PlyCount "40"]
[EventDate "2024.03.27"]
[EventType "swiss"]
[EventCountry "ESP"]
[SourceTitle "playchess.com"]
[Source "ChessBase"]
[SourceQuality "1"]
[TimeControl "5400+30"]

1. e4 c5 2. Nf3 e6 3. d4 cxd4 4. Nxd4 Nc6 5. Nc3 Qc7 6. Be2 Nf6 7. O-O Be7 8. Be3 O-O 9. f4 d6 10. Qe1 Nxd4 11. Bxd4 e5 12. fxe5 dxe5 13. Qg3 Bc5 {[%emt 0:00:10] The position is equal.} 14. Bxc5 Qxc5+ 15. Kh1 Kh8 16. Rxf6 gxf6 17. Qh4 Rg8 $1 {[%emt 0:00:29] Threatens to win with ...Rg6.} 18. Qxf6+ Rg7 19. Qd8+ (19. Rd1 $5 Be6 $8 20. Rd8+ Rxd8 21. Qxd8+ Rg8 22. Qf6+ Rg7 23. Qd8+ Rg8 24. Qf6+ Rg7 25. Qd8+ $11) 19... Rg8 20. Qf6+ Rg7 {[%emt 0:00:05] An uneventful encounter.   Weighted Error Value: White=0.00 (flawless) /Black=0.00 (flawless) .  OK:         	White=4     	Black=1      Best:        	---       	Black=1      Strong:       	---       	Black=1} 1/2-1/2

[Event "VIII Open Semana Santa 2024"]
[Site "San Vicente del Raspeig"]
[Date "2024.03.31"]
[Round "7.10"]
[White "Adhiban, B.."]
[Black "Mamedov, Edgar"]
[Result "1/2-1/2"]
[ECO "B30"]
[WhiteElo "2541"]
[BlackElo "2317"]
[Annotator "TA"]
[PlyCount "65"]
[EventDate "2024.03.27"]
[EventType "swiss"]
[EventCountry "ESP"]
[SourceTitle "playchess.com"]
[Source "ChessBase"]
[SourceQuality "1"]
[TimeControl "5400+30"]

1. e4 c5 2. Nf3 Nc6 3. Bb5 e6 4. Bxc6 bxc6 5. b3 Ne7 6. Bb2 d6 7. e5 Nf5 8. exd6 {[%emt 0:05:26] White has an edge.} Bxd6 9. d3 O-O 10. Nbd2 e5 11. Nc4 Nd4 12. h3 {[%emt 0:21:05] Dodges Bg4} (12. Nfxe5 $2 {loses.} Bxe5 13. c3 (13. Nxe5 $2 {too greedy.} Re8 $19) 13... Nf5 14. Nxe5 Re8 $19) 12... Bc7 13. Qd2 ({Better is} 13. O-O $11) 13... Qf6 (13... Re8 $15 14. O-O-O a5) 14. O-O-O $14 Be6 {[%emt 0:00:50] [#] aiming for ...Bxc4.} 15. Qg5 Qxg5+ 16. Nxg5 {[%emt 0:00:05] A dynamic duo of knights.} Bd5 17. Ne3 f5 18. Rhe1 Rae8 19. c3 Ne6 20. Nxe6 Bxe6 21. Ba3 Bd6 22. f3 Rf6 23. Kc2 Bd5 24. c4 Bf7 25. Bb2 Bg6 26. Nf1 Rfe6 {[%emt 0:01:46] [#] Strongly threatening ...e4.} 27. Nd2 h6 28. Re2 Bh7 29. h4 h5 30. Ba3 Be7 31. Rh1 Rd8 (31... Kf7 $11) 32. Bb2 Bf6 33. Rhe1 {[%emt 0:02:17] Weighted Error Value: White=0.12 (very precise) /Black=0.12 (very precise) .  Mistake:       	White=1     	Black=2      Inaccurate:     	White=4     	---        OK:         	White=11    	Black=13     Best:        	White=2     	---} 1/2-1/2

[Event "VIII Open Semana Santa 2024"]
[Site "San Vicente del Raspeig"]
[Date "2024.03.31"]
[Round "7.11"]
[White "Makhnev, Denis"]
[Black "Merario Alarcon, Andres"]
[Result "0-1"]
[ECO "B13"]
[WhiteElo "2516"]
[BlackElo "2401"]
[Annotator "TA"]
[PlyCount "58"]
[EventDate "2024.03.27"]
[EventType "swiss"]
[EventCountry "ESP"]
[SourceTitle "playchess.com"]
[Source "ChessBase"]
[SourceQuality "1"]
[TimeControl "5400+30"]

1. d4 d5 2. Bf4 c5 3. e3 cxd4 4. exd4 Nc6 5. c3 f6 6. Bd3 e5 $1 7. Qh5+ g6 8. Qe2 (8. Bxg6+ $11 {remains equal.} hxg6 9. Qxh8 exf4 10. Qxg8) 8... Bg7 $17 9. Bb5 Qe7 (9... Nge7 $17 10. dxe5 fxe5 11. Bxe5 Bxe5 12. Qxe5 O-O) 10. Be3 $15 a6 $36 {[%emt 0:03:46][%mdl 2048] White is under strong pressure.} 11. Ba4 Nh6 (11... Qc7 $17) 12. Nf3 {[%emt 0:10:58] [#]} ({White should play} 12. dxe5 $1 $15 fxe5 13. Qd2) 12... e4 $1 $17 13. Nfd2 f5 14. Bb3 Be6 15. f3 O-O {[%emt 0:06:08] Threatens to win with ...f4.} 16. Bf2 (16. g3 $17) 16... Rae8 17. O-O Bf7 {[%emt 0:00:30] ...e3 is the strong threat. Black is more active.} 18. Re1 {[%emt 0:00:29] [#]} (18. fxe4 $17 dxe4 (18... fxe4 19. Be3 $17) 19. Be3) 18... Qg5 $1 $19 {[%emt 0:07:14][%cal Oe4e3] Hoping for ...e3!} 19. h4 Qd8 20. Qe3 (20. Qf1 $17) 20... exf3 21. Qxf3 {[%emt 0:00:07] [#]} (21. Qg5 {is more resistant.} Rxe1+ 22. Bxe1 fxg2 23. Qxd8 Rxd8 24. Nf3) 21... Nxd4 $1 {[%emt 0:00:34][%mdl 512] Black is clearly winning.} 22. cxd4 {[%emt 0:00:05] And now Nc3 would win.} (22. Qd3 Rxe1+) 22... Rxe1+ 23. Bxe1 {[%emt 0:00:05] Qd3 would now be deadly.} Bxd4+ 24. Bf2 Bxb2 ({And not} 24... Qxh4 25. Nf1 $14 (25. Bxd5 $2 Bxf2+ 26. Qxf2 Qxf2+ 27. Kxf2 Bxd5 $19) (25. Nc3 Ng4 $14)) 25. Qf4 Ng4 (25... Bxa1 $2 26. Qxh6 Bg7 27. Qe3 $19) 26. Bd4 Qb8 ({Less strong is} 26... Bxa1 27. Bxa1 Qxh4 28. Nf1 $17) 27. Qxg4 fxg4 28. Bxb2 Qa7+ 29. Kh1 Qf2 {[%emt 0:00:24] Weighted Error Value: White=0.91/Black=0.08 (flawless) .  Mistake:       	White=6     	Black=2      Inaccurate:     	White=2     	---        OK:         	White=3     	Black=10     Best:        	White=2     	Black=3      Strong:       	---       	Black=2} 0-1

[Event "VIII Open Semana Santa 2024"]
[Site "San Vicente del Raspeig"]
[Date "2024.03.31"]
[Round "7.12"]
[White "Xiao, Tong(Qd)"]
[Black "Zylka, Stanislaw"]
[Result "1/2-1/2"]
[ECO "C70"]
[WhiteElo "2484"]
[BlackElo "2401"]
[Annotator "RC"]
[PlyCount "50"]
[EventDate "2024.03.27"]
[EventType "swiss"]
[EventCountry "ESP"]
[SourceTitle "playchess.com"]
[Source "ChessBase"]
[SourceQuality "1"]
[TimeControl "5400+30"]

1. e4 e5 2. Nf3 Nc6 3. Bb5 a6 4. Ba4 b5 5. Bb3 Na5 6. O-O d6 7. d4 exd4 8. Nxd4 Bb7 9. a4 c5 10. Nf5 Nxb3 11. cxb3 g6 12. Ne3 Nf6 13. Nc3 Bg7 14. axb5 axb5 15. Rxa8 Bxa8 16. Ned5 b4 17. Nxf6+ Qxf6 18. Nd5 Qd8 19. h4 Qxh4 20. Nc7+ Kd7 21. Nxa8 Rxa8 22. Qd5 Be5 23. g3 Bxg3 24. fxg3 Qxg3+ 25. Kh1 Qh3+ 1/2-1/2

[Event "VIII Open Semana Santa 2024"]
[Site "San Vicente del Raspeig"]
[Date "2024.03.31"]
[Round "7.13"]
[White "Habans Aguerrea, Javier"]
[Black "Urazayev, Arystanbek"]
[Result "1/2-1/2"]
[ECO "A50"]
[WhiteElo "2399"]
[BlackElo "2476"]
[Annotator "TA"]
[PlyCount "184"]
[EventDate "2024.03.27"]
[EventType "swiss"]
[EventCountry "ESP"]
[SourceTitle "playchess.com"]
[Source "ChessBase"]
[SourceQuality "1"]
[TimeControl "5400+30"]

1. c4 b6 2. Nf3 Bb7 3. g3 g6 4. Bg2 Bg7 5. O-O Nf6 6. d4 O-O 7. d5 Na6 8. Nc3 Nc5 9. Nd4 e5 {[%emt 0:00:06] White is slightly better.} 10. Nc2 a5 11. b3 Ne8 12. e4 f5 13. exf5 gxf5 14. Be3 d6 15. Qd2 Nf6 (15... f4 $1 $11 16. Bxc5 bxc5) 16. Bh6 (16. f4 $14 {might be stronger.}) 16... Bxh6 $11 17. Qxh6 Ng4 18. Qd2 f4 19. h3 Nh6 20. gxf4 exf4 21. Nd4 Qf6 22. Nf3 Nf5 (22... Nf7 $11) 23. Rae1 $14 Nh4 24. Kh2 Nxg2 (24... Ng6 $14) 25. Rg1 $16 Kh8 26. Rxg2 Rg8 27. Reg1 Rxg2+ 28. Rxg2 Rf8 {[%emt 0:03:59] [#]} 29. Qd4 ({White should play} 29. Nb5 $1 $16) 29... Qxd4 30. Nxd4 Bc8 31. Ncb5 Rf6 (31... Rf7 $14) 32. Nxc7 Rh6 33. f3 (33. h4 $16) 33... Bxh3 $14 34. Rg5 Bf5+ 35. Kg2 Bb1 36. a3 Ba2 $1 37. b4 axb4 38. axb4 Nd3 39. Nf5 Rg6 40. Rxg6 hxg6 41. Nxd6 {[%emt 0:00:02][%cal Oc4c5] [#] Black must now prevent c5!} Nxb4 42. Na8 {[%emt 0:03:01] White is more active.} Nxd5 $2 43. cxd5 $18 Bxd5 44. Nxb6 Bxf3+ (44... Be6 45. Ne4 Kg7) 45. Kxf3 {[%emt 0:00:02][%mdl 4096] Endgame.} Kg7 46. Kxf4 {[%emt 0:01:30] Threatening mate with Kg5.} g5+ 47. Kg4 (47. Kxg5 Kh8 $11) 47... Kf6 48. Ne4+ Ke5 49. Ng3 (49. Nxg5 Kf6 $11) 49... Kd4 50. Kf3 (50. Kxg5 Ke5 $11) 50... g4+ 51. Kf4 (51. Kxg4 Ke5 $11) 51... Kc5 52. Nd7+ Kd4 53. Ne5 ({Not} 53. Kxg4 Ke3 $11) 53... Kd5 54. Ng6 (54. Nxg4 Ke6 $11) 54... Kd4 55. Ne7 ({Inferior is} 55. Kxg4 Ke3 $11) 55... Kc5 56. Ke5 ({Worse is} 56. Kxg4 Kd6 $11) 56... Kc4 57. Kd6 Kd4 58. Nef5+ Kc4 59. Kc6 Kb4 60. Kd5 Kb5 61. Nd6+ Kb6 62. Nde4 Kb5 63. Nc3+ Kb6 64. Kd6 Kb7 65. Nd5 Ka6 66. Kc5 Kb7 67. Kb5 Ka7 68. Nc7 Kb7 69. Ne6 Ka7 70. Nd8 Kb8 71. Kc6 Ka7 72. Kb5 Kb8 $1 73. Ne6 $2 ({Better is} 73. Kb6 $18) 73... Kb7 $2 (73... Ka7 $1 $11 {and Black has nothing to worry.} 74. Nc5 Kb8) 74. Kc5 Ka6 75. Nd8 Ka7 76. Kc6 Kb8 77. Ne6 Ka7 78. Nc5 Kb8 79. Kd7 Ka7 80. Kc7 Ka8 81. Na6 Ka7 82. Nb8 Ka8 83. Nd7 Ka7 84. Nc5 Ka8 85. Kb6 Kb8 86. Nf5 $2 (86. Nce4 $18 Ka8 87. Kc7) 86... g3 $1 $11 {[%emt 0:00:49] ...g2 is the strong threat. The position is equal.} 87. Nd6 {[%emt 0:00:29] Na6+ would kill now.} (87. Nd7+ $5 Ka8 88. Nh4 $11) 87... g2 88. Na6+ Ka8 89. Nc7+ Kb8 90. Na6+ Ka8 91. Nc7+ Kb8 92. Na6+ Ka8 {[%emt 0:00:02] Black defended with fortune.   Weighted Error Value: White=0.13 (very precise) /Black=0.19 (very precise) .  Loses game:     	---       	Black=3      Missed win:     	White=2     	---        Mistake:       	White=3     	Black=5      Inaccurate:     	White=2     	---        OK:         	White=23    	Black=25     Best:        	White=7     	Black=3      Strong:       	---       	Black=3} 1/2-1/2